 Dungeon Crawl Stone Soup version 0.28-a0-1334-g1c9ffb4daf (webtiles) character file.

Game seed: 2221282381273161024

27948 Grim the Fighter (level 13, -15/109 HPs)
             Began as a Formicid Fighter on Dec 28, 2021.
             Was a High Priest of Cheibriados.
             Demolished by a cyclops (26 damage)
             ... on level 12 of the Dungeon.
             The game lasted 00:24:51 (14622 turns).

Grim the Fighter (Formicid Fighter)                Turns: 14622, Time: 00:24:52

Health: -15/109    AC: 16    Str: 43    XL:     13   Next: 69%
Magic:  18/21      EV: 13    Int: 30    God:    Cheibriados [*****.]
Gold:   1254       SH:  6    Dex: 20    Spells: 12/12 levels left

rFire   . . .      SeeInvis +   G - +3 demon trident (drain)
rCold   . . .      Faith    +   c - +0 buckler
rNeg    . . .      Spirit   .   H - +3 chain mail "Cucki" {rPois Int+3 Dex-5 Slay+5}
rPois   +          Reflect  .   (helmet unavailable)
rElec   .          Harm     .   L - +0 cloak
rCorr   .          Rampage  .   (no gloves)
Will    +....                   (no boots)
Stlth   ..........              a - amulet of faith
HPRegen 0.28/turn               n - +6 ring of intelligence
MPRegen 0.17/turn               F - +6 ring of strength

@: very slow
A: permanent stasis, dig shafts and tunnels, antennae 3, four strong arms
a: Dig, Shaft Self, Renounce Religion, Bend Time, Temporal Distortion, Slouch,
Step From Time


You were on level 12 of the Dungeon.
You worshipped Cheibriados.
Cheibriados was extremely pleased with you.
You visited 2 branches of the dungeon, and saw 13 of its levels.
You also visited: Bailey.

You collected 1254 gold pieces.

Inventory:

Hand Weapons
 q - the +10 spear "Qysynijine" {drain, Int+4 Dex+6 Stlth-}
   (You took it off a kobold on level 4 of the Dungeon)

   A truly terrible weapon, it drains the life of any living foe it strikes.
   Int:       It affects your intelligence (+4).
   Dex:       It affects your dexterity (+6).
   Stlth:     It makes you less stealthy.
 G - a +3 demon trident of draining (weapon)
Missiles
 f - 44 poisoned darts (quivered)
 z - 2 throwing nets
 C - 2 boomerangs
Armour
 c - a +0 buckler (worn)
 y - +0 acid dragon scales
 H - the +3 chain mail "Cucki" (worn) {rPois Int+3 Dex-5 Slay+5}
   (You acquired it in a bailey)

   Int:       It affects your intelligence (+3).
   Dex:       It affects your dexterity (-5).
   Slay:      It affects your accuracy & damage with ranged weapons and melee
   (+5).
   rPois:     It protects you from poison.
 L - a +0 cloak (worn)
Jewellery
 a - an amulet of faith (around neck)
 n - a +6 ring of intelligence (left hand)
 E - a ring of flight
 F - a +6 ring of strength (right hand)
 N - a ring of wizardry
Wands
 k - a wand of flame (22)
 s - a wand of mindburst (17)
 t - a wand of acid (4)
 O - a wand of paralysis (2)
Scrolls
 e - 3 scrolls of magic mapping {unknown}
 j - 6 scrolls of teleportation
 l - 2 scrolls of blinking {unknown}
 u - a scroll of amnesia
 v - 4 scrolls of enchant weapon {unknown}
 w - 4 scrolls of fear {unknown}
 x - 4 scrolls of vulnerability {unknown}
 A - 3 scrolls of immolation
 D - a scroll of enchant armour {unknown}
 J - a scroll of summoning {unknown}
 K - a scroll of fog {unknown}
 M - 2 scrolls of identify
Potions
 b - a potion of ambrosia {unknown}
 d - 3 potions of might
 g - a potion of berserk rage
 h - 5 potions of brilliance
 i - 5 potions of degeneration {!q}
 m - 4 potions of magic
 o - a potion of invisibility {unknown}
 p - 3 potions of heal wounds
 r - a potion of attraction {unknown}
 B - 4 potions of curing {unknown}
 I - a potion of mutation {unknown}


   Skills:
 - Level 12.8 Fighting
 - Level 12.1 Polearms
 + Level 3.8 Throwing
 - Level 11.1 Armour
 * Level 5.1 Dodging
 - Level 3.6 Shields
 - Level 11.2 Invocations


You had 12 spell levels left.
You didn't know any spells.
Your spell library contained the following spells:

 Spells                   Type           Power      Damage    Failure   Level
 Passwall                 Tmut/Erth      0%         N/A       36%         2
 Dazzling Flash           Conj/Hex       0%         N/A       58%         3
 Iskenderun's Mystic Bla  Conj/Tloc      0%         2d3       94%         4
 Starburst                Conj/Fire      0%         6d3       100%        6
 Swiftness                Air            Unusable   N/A       N/A         3

Dungeon Overview and Level Annotations

Branches:
Dungeon (12/15)            Temple (1/1) D:6            Lair (0/6) D:11
    Orc (0/2) D:9          Bailey (visited)

Altars:
Ashenzari
Cheibriados
Dithmenos
Elyvilon
Fedhas
Gozag
Hepliaklqana
Kikubaaqudgha
Makhleb
Nemelex Xobeh
Okawaru
Qazlal
Ru
Sif Muna
Trog
Uskayaw
Vehumet
Wu Jian
Xom
Yredelemnul
Zin
The Shining One


Innate Abilities, Weirdness & Mutations

You cannot be hasted, slowed, berserked, paralysed or teleported.
You can dig through walls and to a lower floor.
You have a pair of large antennae on your head. (SInv)
Your four strong arms can wield two-handed weapons with a shield.


Message History

The white ugly thing gores you!
* * * LOW HITPOINT WARNING * * *
The white ugly thing freezes you!!
* * * LOW HITPOINT WARNING * * *
The acid dragon spits acid at you. The splash of acid hits you.
* * * LOW HITPOINT WARNING * * *
The acid corrodes you!
Okay, then.
You step out of the flow of time.
You return to the normal time flow.
Cheibriados lowers the support of your attributes as your movement quickens.
You feel much better.
You start resting.
You are no longer corroded.
You start resting.
A gargoyle comes into view. It is wielding a +0 mace.
You block the gargoyle's attack.
You impale the gargoyle!!
The gargoyle is severely damaged.
You hit the gargoyle but do no damage.
The gargoyle is severely damaged.
You block the gargoyle's attack.
You puncture the gargoyle!
You destroy the gargoyle!
Cheibriados appreciates the change of pace.
No target in view!
You see here a +0 mace.
A cyclops comes into view.
The cyclops shouts!
The cyclops throws a large rock.
The large rock hits you!!
* * * LOW HITPOINT WARNING * * *
The cyclops throws a large rock.
The large rock hits you!!
* * * LOW HITPOINT WARNING * * *
The cyclops throws a large rock.
The large rock barely misses you.
You fail to use your ability.
The flow of time bends around you.
Are you sure you want to shaft yourself?
You begin to dig a shaft.
You continue digging a shaft.
The cyclops hits you!!
You die...

.#
#.#.####..('.........
.#
#.#......##'.........
.#
#.......#####.#######
.# #........## #.#
..... .###..†......#
#.# {....
.#...........# #.#
.... .#.#.........#
#.# #..# {
.#.#........## #C#
#..# { .............#
#@# #†.#
..........#.## #.##
#[.# ##.######...#
#..## #..# ...# ##.##
#...## #†.# #### #.#
##...## #..# #.##
##...#######..###
#..# ##..)......)....
##.# ##.............
##.## ##############


You could see a cyclops.

Vanquished Creatures
  Snorg (D:10)
  Josephine (D:10)
  A hydra (D:11)
  A boulder beetle (D:10)
  3 two-headed ogres
  A deep elf pyromancer (D:11)
  Pikel (D:8)
  3 orc knights
  2 orc sorcerers (Bailey)
  An ugly thing (D:11)
  A cyclops (D:11)
  Joseph (D:10)
  A gargoyle (D:12)
  Psyche (D:8)
  A komodo dragon (D:12)
  A hornet (D:7)
  2 trolls (D:12)
  2 slime creatures (D:12)
  Sigmund (D:6)
  6 wraiths (D:10)
  16 yaks
  A wyvern (D:10)
  Menkaure (D:7)
  A naga (shapeshifter) (D:12)
  A water moccasin (D:6)
  2 acid dragons
  Duvessa (D:6)
  A black bear (D:5)
  3 ice beasts
  2 necrophages (D:6)
  18 orc warriors
  An ogre (D:5)
  3 centaurs
  A phantom (D:4)
  2 kobold brigands
  A bullfrog (D:8)
  3 gnoll sergeants
  3 scorpions
  2 water moccasin zombies
  A water moccasin skeleton (D:6)
  Dowan (D:6)
  5 electric eels
  2 vampire bats (D:3)
  19 wights
  A howler monkey (D:12)
  3 centaur zombies
  A jelly (D:8)
  10 orc priests
  A hound (D:6)
  2 bullfrog skeletons (D:6)
  A centaur skeleton (D:7)
  5 iguanas
  14 orc wizards
  19 gnolls
  11 adders
  A howler monkey skeleton (D:7)
  3 shadow imps
  A white imp (D:8)
  2 ufetubi
  4 dart slugs
  49 orcs
  3 endoplasms
  5 giant cockroaches
  18 goblins
  10 hobgoblins
  6 jackals
  9 quokkas
  7 ball pythons
  16 bats
  A frilled lizard (D:2)
  19 kobolds
  2 rats
347 creatures vanquished.

Vanquished Creatures (others)
  An adder (D:6)
  A fungus (D:1)
  13 plants
15 creatures vanquished.

Grand Total: 362 creatures vanquished

Notes
Turn   | Place    | Note
-------+----------+-------------------------------------------
     0 | D:1      | Grim the Formicid Fighter began the quest for the Orb.
     0 | D:1      | Reached XP level 1. HP: 18/18 MP: 1/1
   147 | D:1      | Reached XP level 2. HP: 24/24 MP: 2/2
   301 | D:1      | Found a faded altar of an unknown god.
   598 | D:1      | Reached XP level 3. HP: 29/29 MP: 3/3
  1123 | D:2      | Reached XP level 4. HP: 35/35 MP: 4/4
  1889 | D:3      | Reached XP level 5. HP: 41/41 MP: 5/5
  1956 | D:3      | Reached skill level 5 in Polearms
  2081 | D:3      | Reached XP level 6. HP: 42/47 MP: 6/6
  3340 | D:4      | Identified the +10 spear "Qysynijine" {drain, Int+4 Dex+6
                  | Stlth-}
  3567 | D:4      | Reached XP level 7. HP: 44/52 MP: 7/7
  3879 | D:4      | You fall into a shaft and drop 2 floors!
  4170 | D:6      | Reached XP level 8. HP: 57/58 MP: 8/8
  4192 | D:5      | Entered Level 5 of the Dungeon
  4875 | D:5      | Reached skill level 10 in Polearms
  5169 | D:6      | Reached XP level 9. HP: 54/64 MP: 9/9
  5527 | D:6      | Noticed Duvessa
  5527 | D:6      | Noticed Dowan
  5531 | D:6      | Killed Dowan
  5537 | D:6      | Killed Duvessa
  5696 | D:6      | Reached skill level 5 in Fighting
  6034 | D:6      | Noticed a two-headed ogre
  6060 | D:6      | Killed a two-headed ogre
  6178 | D:6      | Noticed Sigmund
  6185 | D:6      | Killed Sigmund
  6186 | D:6      | Reached XP level 10. HP: 70/77 MP: 10/10
  6249 | D:6      | Found a staircase to the Ecumenical Temple.
  6309 | Temple   | Entered the Ecumenical Temple
  6692 | Temple   | Became a worshipper of the Shining One
  6814 | Temple   | Fell from the grace of the Shining One
  6814 | Temple   | Became a worshipper of Cheibriados the Contemplative
  7058 | D:7      | Reached skill level 1 in Invocations
  7080 | D:7      | Noticed Menkaure
  7088 | D:7      | Killed Menkaure
  7722 | D:7      | Reached * piety under Cheibriados
  8270 | D:8      | Noticed Psyche
  8270 | D:8      | Noticed Pikel
  8276 | D:8      | Killed Pikel
  8290 | D:8      | Killed Psyche
  8518 | D:8      | Reached skill level 10 in Fighting
  8582 | D:8      | Reached ** piety under Cheibriados
  8837 | D:8      | Found a flagged portal.
  8844 | Bailey   | Entered a bailey
  8997 | Bailey   | Noticed an orc knight
  9012 | Bailey   | Killed an orc knight
  9013 | Bailey   | Reached XP level 11. HP: 67/93 MP: 12/12
  9165 | Bailey   | Reached *** piety under Cheibriados
  9313 | Bailey   | Noticed an orc sorcerer
  9324 | Bailey   | Killed an orc sorcerer
  9687 | Bailey   | Noticed an orc knight
  9697 | Bailey   | Killed an orc knight
 10074 | Bailey   | Acquired the +3 chain mail "Cucki" {rPois Int+3 Dex-5
                  | Slay+5}
 10307 | Bailey   | Found an iron altar of Okawaru.
 10307 | Bailey   | Noticed an orc sorcerer
 10315 | Bailey   | Killed an orc sorcerer
 10316 | Bailey   | Reached skill level 5 in Armour
 10361 | Bailey   | Reached XP level 12. HP: 103/103 MP: 13/20
 11057 | D:9      | Reached **** piety under Cheibriados
 11743 | D:9      | Found a staircase to the Orcish Mines.
 12231 | D:10     | Entered Level 10 of the Dungeon
 12231 | D:10     | Noticed Joseph
 12235 | D:10     | Killed Joseph
 12378 | D:10     | Noticed Josephine
 12391 | D:10     | Killed Josephine
 12520 | D:10     | Noticed a boulder beetle
 12639 | D:10     | Killed a boulder beetle
 12640 | D:10     | Reached XP level 13. HP: 109/109 MP: 21/21
 12675 | D:10     | Reached ***** piety under Cheibriados
 12775 | D:10     | Found a hazy altar of Hepliaklqana.
 12775 | D:10     | Found a white marble altar of Elyvilon.
 12868 | D:10     | Noticed Snorg
 12883 | D:10     | Killed Snorg
 12884 | D:10     | Reached skill level 10 in Armour
 13634 | D:11     | Found a white marble altar of Elyvilon.
 13647 | D:11     | Noticed an eight-headed hydra
 13654 | D:11     | Killed an eight-headed hydra
 13655 | D:11     | Reached skill level 1 in Throwing
 13655 | D:11     | Reached skill level 1 in Dodging
 13734 | D:11     | Found a staircase to the Lair.
 13866 | D:11     | Acquired a +3 demon trident of draining
 14564 | D:12     | Reached skill level 5 in Dodging
 14622 | D:12     | Demolished by a cyclops

Illustrated notes

Levels and vault maps discovered:
D:1:      psy_arrival_spokes, layout_basic, dreamdust_ecumenical_altar_grove,
          corexii_hall_statues_x
D:2:      layout_rooms, nrook_campfire, lightli_corner_chamber
D:3:      wad_river_or_something, layout_basic, serial_bayou,
          serial_bayou_pond_b, serial_bayou_shore_b, serial_bayou_lagoon_a,
          serial_bayou_lake_a, serial_bayou_shore_b, roderic_batcave
D:4:      minmay_polygon_palace, layout_cave_pools, minivault_5,
          kennysheep_small_spiral, chequers_mini_garden, uniq_crazy_yiuf_cottage
D:5:      layout_basic
D:6:      hellmonk_destroyed_diamonds, layout_loops_cross,
          minmay_temple_entry_proselytizer, amcnicky_mini_pool_medium,
          uniq_sigmund, uniq_duvessa
D:7:      layout_cave_pods, uniq_menkaure
D:8:      hellmonk_crumbling_castle, layout_rooms, enter_bailey_3,
          chequers_serial_rivers_room_a, st_stairs_5, kennysheep_windowed_goal,
          uniq_psyche, uniq_pikel
D:9:      layout_cave_pods, david_orc_4
D:10:     layout_roguey, gammafunk_temple_overflow_elements, uniq_joseph,
          uniq_josephine, uniq_snorg
D:11:     layout_cross, dpeg_oklobed_lair, nicolae_elyvilon_peaceful_grove
D:12:     four-leaf_vault, layout_loops_ring, nrook_uturn,
          hangedman_decor_clover_reticule, serial_bayou_pond_a
Temple:   mainiacjoe_temple_cubbyholes

Skill      XL: |  1  2  3  4  5  6  7  8  9 10 11 12 13 |
---------------+----------------------------------------+-----
Polearms       | 3 4 5 7 8 10 12 | 12.1
Fighting       | 6 11 12 | 12.8
Invocations    | 2 11 | 11.2
Armour         | 4 5 9 11 | 11.1
Throwing       | 3 |  3.8
Dodging        | 5 |  5.1
Shields        | |  3.6

Action                   |  1- 3 |  4- 6 |  7- 9 | 10-12 | 13-15 || total
-------------------------+-------+-------+-------+-------+-------++-------
Melee: Trident           |    97 |   193 |       |       |       ||   290
       Spear             |       |     3 |   162 |   453 |    98 ||   716
       Demon trident     |       |       |       |       |    67 ||    67
Throw: Dart              |     2 |    45 |     1 |     7 |       ||    55
       Boomerang         |       |       |       |     1 |       ||     1
Invok: Step From Time    |       |       |       |       |     1 ||     1
       Bend Time         |       |       |       |       |     1 ||     1
 Abil: Dig               |     1 |       |     2 |       |       ||     3
       Shaft Self        |       |       |     1 |       |     1 ||     2
  Use: Scroll            |       |       |       |     8 |     3 ||    11
       Potion            |       |       |       |     2 |     1 ||     3
Armor: Scale mail        |    36 |    67 |    15 |       |       ||   118
       Acid dragon scale |       |       |       |    16 |       ||    16
       Plate armour      |       |       |       |     3 |       ||     3
       Chain mail        |       |       |       |    25 |    53 ||    78
Dodge: Dodged            |    31 |    75 |    20 |    72 |    34 ||   232
Block: Buckler           |    19 |    39 |    13 |    50 |    43 ||   164

Table legend: (Time is in decaauts)
 A = Elapsed time spent in this place.
 B = Non-inter-level travel time spent in this place.
 C = Inter-level travel time spent in this place.
 D = Time resting spent in this place.
 E = Time spent auto-exploring this place.
 F = Levels seen in this place.
 G = Mean time per level.
                   A        B        C        D        E       F      G
               +--------+--------+--------+--------+--------+-----+--------+
         Total |  16967 |  16414 |    553 |   3506 |  10163 |  14 | 1211.9 |
       Dungeon |  14498 |  14022 |    476 |   2497 |   9251 |  12 | 1208.2 |
        Temple |    497 |    421 |     76 |      0 |    303 |   1 |  497.0 |
        Bailey |   1971 |   1971 |      0 |   1009 |    609 |   1 | 1971.0 |
               +--------+--------+--------+--------+--------+-----+--------+

Top non-repeatable levels by time:
  Bailey: 1971 daAuts
     D:7: 1852 daAuts
     D:9: 1795 daAuts
    D:10: 1424 daAuts
     D:6: 1404 daAuts
     D:3: 1305 daAuts
     D:8: 1170 daAuts
    D:11: 1095 daAuts
     D:5: 1027 daAuts
     D:4: 992 daAuts
     D:2: 970 daAuts
    D:12: 814 daAuts
     D:1: 645 daAuts
  Temple: 497 daAuts
